Map: Ulrena

Players

pupu

  • Race: Protoss Protoss
  • League: Silver

Armpit - Winner!

  • Race: Protoss Protoss

VOD

Have the link to the VOD?

Description

Time

  • Played on: April 3, 2016, 5:08 a.m.
  • Length: 5:10
Show
View Real Time Build Order
Export as new Build Order

pupu Protoss 

Build Orders: 1 Gate Expand 

Get SALT Encoding   

  12  0:01  Probe (Chrono Boost)  
  13  0:11  Probe (Chrono Boost)  
  14  0:18  Pylon  
  14  0:22  Probe (Chrono Boost)  
  15  0:36  Probe (Chrono Boost)  
  15  0:42  Gateway  
  16  0:47  Probe (Chrono Boost)  
  17  0:52  Assimilator  
  17  0:57  Probe (Chrono Boost)  
  18  1:08  Probe (Chrono Boost)  
  20  1:18  Probe (Chrono Boost)  
  20  1:32  Probe (Chrono Boost), Nexus  
  21  1:47  Cybernetics Core  
  21  1:53  Pylon  
  21  1:54  Probe (Chrono Boost)  
  22  2:05  Probe (Chrono Boost)  
  23  2:11  Pylon  
  23  2:16  Probe (Chrono Boost)  
  24  2:24  Warp Gate (Chrono Boost)  
  24  2:27  Probe  
  25  2:31  Adept  
  25  2:35  Pylon  
  27  2:43  Gateway  
  27  2:44  Probe  
  28  2:49  Probe  
  29  2:57  Pylon  
  29  3:00  Gateway  
  29  3:04  Mothership Core  
  31  3:08  Assimilator  
  31  3:15  Adept  
  31  3:16  Probe  
  34  3:25  Probe  
  35  3:38  Stalker  
  36  3:44  Pylon  
  36  3:51  Forge  
  36  3:58  Pylon  
  36  4:03  Probe  
  36  4:07  Probe  
  38  4:38  Zealot x2  
  19  5:00  Zealot x2  
  19  5:01  Zealot  
Show
View Real Time Build Order
Export as new Build Order

Armpit Protoss - Winner!

Build Orders:  

Get SALT Encoding   

  12  0:03  Probe (Chrono Boost)  
  13  0:15  Pylon  
  14  0:21  Probe (Chrono Boost)  
  14  0:27  Assimilator  
  14  0:32  Probe (Chrono Boost)  
  15  0:42  Probe (Chrono Boost)  
  16  0:46  Gateway  
  16  0:53  Probe (Chrono Boost)  
  17  1:03  Probe (Chrono Boost)  
  18  1:14  Probe (Chrono Boost)  
  19  1:24  Probe (Chrono Boost)  
  20  1:28  Gateway  
  20  1:35  Cybernetics Core, Probe (Chrono Boost)  
  21  1:45  Probe (Chrono Boost)  
  22  1:53  Pylon  
  22  1:56  Probe (Chrono Boost)  
  23  2:11  Zealot  
  23  2:14  Gateway  
  25  2:18  Warp Gate (Chrono Boost)  
  25  2:24  Mothership Core  
  27  2:37  Gateway  
  27  2:40  Gateway  
  27  2:45  Probe  
  27  2:50  Stalker  
  30  2:57  Probe, Pylon  
  31  3:13  Pylon  
  31  3:15  Probe, Stalker  
  34  3:22  Assimilator  
  34  3:27  Stalker  
  34  3:28  Probe, Zealot  
  39  3:36  Zealot  
  41  3:45  Adept  
  43  3:57  Pylon  
  43  4:21  Stalker  
  43  4:22  Stalker x2  
  43  4:23  Stalker  
  47  4:45  Stalker x2  
  49  4:46  Zealot  
Tags
 
League
Silver
Matchup
PvP
Add a new tag
Caveats
  • Supply blocks, unpowered buildings, or Contaminate may cause inaccurate times.
  • Supply counts are checked every 10 seconds.